 Dungeon Crawl Stone Soup version 0.17-a0-1460-g8163d8a (webtiles) character file.

494 Vlagh the Magician (level 6, -1/32 HPs)
             Began as a Deep Elf Conjurer on July 1, 2015.
             Was an Initiate of Sif Muna.
             Slain by a phantom (6 damage)
             ... on level 4 of the Dungeon.
             The game lasted 00:19:19 (3536 turns).

Vlagh the Magician (Deep Elf Conjurer)              Turns: 3536, Time: 00:19:19

Health: -1/32      AC:  3    Str:  5      XL:     6   Next: 92%
Magic:  1/17       EV: 18    Int: 22      God:    Sif Muna [......]
Gold:   194        SH:  0    Dex: 18 (20) Spells: 5 memorised, 4 levels left

rFire  . . .     SeeInvis .     f - +2 short sword (freeze)
rCold  . . .     Clarity  .     a - +0 robe
rNeg   . . .     SustAt   .     (no shield)
rPois  +         Gourm    .     (no helmet)
rElec  .         Spirit   .     (no cloak)
rCorr  .         Warding  .     (no gloves)
rMut   .         Stasis   .     i - +0 pair of boots (curse)
MR     .....                    (no amulet)
Stlth  +++.......               (no ring)
                                v - ring of poison resistance

@: agile, very slightly contaminated, not resistant to hostile enchantments,
fairly stealthy
A: no striking features
a: Renounce Religion


You were on level 4 of the Dungeon.
You worshipped Sif Muna.
Sif Muna was noncommittal.
You were hungry.

You visited 1 branch of the dungeon, and saw 4 of its levels.

You collected 194 gold pieces.

Inventory:

Hand weapons
 f - a +2 short sword of freezing (weapon)
 t - a +2 short sword of venom
Armour
 a - a +0 robe (worn)
 i - a cursed +0 pair of boots (worn)
 l - a cursed +0 buckler
 w - a +0 mottled dragon armour
Jewellery
 v - a ring of poison resistance (left hand)
Magical devices
 m - a wand of frost (15)
Scrolls
 e - 7 scrolls of identify {unknown}
 g - a scroll of enchant weapon {unknown}
 j - 2 scrolls of random uselessness {unknown}
 k - a scroll of remove curse {unknown}
 n - a scroll of immolation {unknown}
 o - 2 scrolls of recharging {unknown}
 x - a scroll of teleportation {unknown}
 y - a scroll of enchant armour {unknown}
Potions
 h - a potion of agility
 r - 2 potions of cancellation
 s - a potion of flight {unknown}
 z - a potion of ambrosia {unknown}
Books
 b - a book of Conjurations

   Spells                             Type                      Level
   a - Magic Dart                     Conjuration                  1
   b - Searing Ray                    Conjuration                  2
   c - Dazzling Spray                 Conjuration/Hexes            3
   d - Fulminant Prism                Conjuration/Hexes            4
   e - Iskenderun's Mystic Blast      Conjuration                  4
   f - Iskenderun's Battlesphere      Conjuration/Charms           5
Comestibles
 c - 2 bread rations
 p - 2 beef jerkies
 q - a meat ration


   Skills:
 - Level 2.4 Dodging
 - Level 2.4 Stealth
 + Level 6.7 Spellcasting
 * Level 6.2 Conjurations
 * Level 5.0 Hexes


You had 4 spell levels left.
You knew the following spells:

 Your Spells              Type           Power        Failure   Level  Hunger
a - Magic Dart            Conj           ####         1%          1    None
b - Searing Ray           Conj           ####..       1%          2    None
c - Dazzling Spray        Conj/Hex       ####....     2%          3    #......
d - Iskenderun's Mystic   Conj           ####....     10%         4    ###....
e - Fulminant Prism       Conj/Hex       ####......   12%         4    ###....


Dungeon Overview and Level Annotations

Branches:
Dungeon (4/15)
 Temple: D:4-7

Altars:
Makhleb
Sif Muna


Message History

The searing ray hits the phantom.
The phantom is lightly damaged.
The searing ray hits the phantom.
The phantom is lightly damaged.
The phantom hits you!
The searing ray hits the phantom.
The phantom is heavily damaged.
The phantom hits you!
* * * LOW HITPOINT WARNING * * *
Drink which item? (? for menu, Esc to quit)
It was a potion of agility.
You feel agile all of a sudden. The phantom completely misses you.
Drink which item? (? for menu, Esc to quit)
It was a potion of degeneration.
There was something very wrong with that liquid.
You feel clumsy.
You are feeling hungry.
The phantom hits you.
You die...

##.# ..#.# ...
###.#.# ... ###
#.....# ...
#..##.....##.# #
#..<#.....#..##..
#...)............
#.....#.)....W.......
.######...)..@.......
#.......)......
###############


You could see a phantom.

Vanquished Creatures
  The ghost of ewhitman the Cudgeler, an average MiFi (D:3)
  Blork the orc (D:4)
  A hound (D:3)
  A jelly (D:3)
  Natasha (thrice) (D:2)
  2 orc wizards (D:3)
  Robin (D:2)
  4 adders
  4 gnolls (D:3)
  2 oozes
  5 worms
  3 giant geckos
  2 orcs
  9 bats
  4 giant cockroaches
  7 hobgoblins
  8 jackals
  2 ball pythons (D:1)
  5 giant newts
  20 goblins
  9 kobolds
  6 rats
100 creatures vanquished.

Vanquished Creatures (others)
  2 fulminant prisms
2 creatures vanquished.

Grand Total: 102 creatures vanquished

Notes
Turn   | Place    | Note
--------------------------------------------------------------
     0 | D:1      | Vlagh the Deep Elf Conjurer began the quest for the Orb.
     0 | D:1      | Reached XP level 1. HP: 10/10 MP: 6/6
   267 | D:1      | Reached XP level 2. HP: 10/15 MP: 1/8
   271 | D:1      | Learned a level 2 spell: Searing Ray
   897 | D:1      | Reached XP level 3. HP: 19/19 MP: 7/10
   910 | D:1      | Learned a level 3 spell: Dazzling Spray
  1194 | D:2      | Reached skill level 1 in Hexes
  1219 | D:2      | Noticed Natasha
  1224 | D:2      | Killed Natasha
  1224 | D:2      | Reached skill level 5 in Conjurations
  1224 | D:2      | Reached XP level 4. HP: 24/24 MP: 4/12
  1568 | D:2      | Reached skill level 5 in Spellcasting
  1584 | D:2      | Learned a level 4 spell: Iskenderun's Mystic Blast
  1600 | D:2      | Noticed Robin
  1601 | D:2      | Noticed Natasha
  1611 | D:2      | Killed Robin
  1624 | D:2      | Killed Natasha
  1866 | D:2      | Learned a level 4 spell: Fulminant Prism
  1939 | D:2      | Noticed Natasha
  1951 | D:2      | Killed Natasha
  1951 | D:2      | Reached XP level 5. HP: 28/28 MP: 9/15
  2432 | D:3      | Reached skill level 6 in Spellcasting
  2717 | D:3      | Noticed ewhitman's ghost (average MiFi)
  2729 | D:3      | Killed ewhitman's ghost
  2729 | D:3      | Reached XP level 6. HP: 4/32 MP: 1/17
  3130 | D:3      | Found a burning altar of Makhleb.
  3362 | D:3      | Found a deep blue altar of Sif Muna.
  3371 | D:3      | Became a worshipper of Sif Muna the Loreminder
  3516 | D:4      | Noticed Blork the orc
  3521 | D:4      | Killed Blork the orc
  3521 | D:4      | Reached skill level 5 in Hexes
  3536 | D:4      | Slain by a phantom

Vault maps used:
D:1:      minmay_arrival_jagged
D:2:      uniq_natasha, uniq_robin
D:3:      makhleb_heckhound_becter, first_bread, led_sif_book
D:4:      black_bear_nest_2, lemuel_crystal_altar,
          lemuel_coloured_pillars_altar, elyvilon_altar_3,
          nicolae_overflow_hidden_temple, minmay_snake_closets, uniq_duvessa,
          uniq_blork_the_orc

Action                   |  1- 3 |  4- 6 || total
-------------------------+-------+-------++-------
Melee: Short sword       |       |     3 ||     3
 Cast: Magic Dart        |    57 |    88 ||   145
       Searing Ray       |     3 |    16 ||    19
       Iskenderun's Myst |       |     3 ||     3
       Fulminant Prism   |       |     2 ||     2
  Use: Potion            |       |     5 ||     5
  Eat: Chunk             |     1 |     7 ||     8
